 Dungeon Crawl Stone Soup version 0.25-a0-781-gc44aebf4fe (webtiles) character file.

Game seed: 4073597940755920248, levelgen mode: deterministic

65 Bapho the Magician (level 4, -2/34 HPs)
             Began as a Gnoll Wanderer on Apr 15, 2020.
             Splashed by a jelly's acid (6 damage)
             ... on level 2 of the Dungeon.
             The game lasted 00:02:14 (1318 turns).

Bapho the Magician (Gnoll Wanderer)                 Turns: 1318, Time: 00:02:15

Health: -2/34      AC:  5    Str: 17    XL:     4   Next: 14%
Magic:  11/11      EV:  9    Int: 16    God:
Gold:   41         SH:  0    Dex: 11    Spells: 12/13 levels left

rFire    . . .     SeeInvis .   b - +0 dagger
rCold    . . .     Gourm    .   (no shield)
rNeg     . . .     Faith    .   n - +2 scale mail
rPois    .         Spirit   .   (no helmet)
rElec    .         Reflect  .   (no cloak)
rCorr    .         Harm     .   (no gloves)
MR       .....                  (no boots)
Stlth    ..........             (no amulet)
HPRegen  0.11/turn              (no ring)
MPRegen  0.12/turn              (no ring)

@: corroded
A: distributed training, fangs 1, strong nose
a: no special abilities


You were on level 2 of the Dungeon.
You were not hungry.

You visited 1 branch of the dungeon, and saw 2 of its levels.

You collected 41 gold pieces.

Inventory:

Hand Weapons
 a - a +0 hand crossbow
 b - a +0 dagger (weapon)
Missiles
 c - 15 bolts
Armour
 n - a +2 scale mail (worn)
Jewellery
 m - an uncursed amulet of the acrobat {unknown}
Scrolls
 g - a scroll of random uselessness {unknown}
 h - a scroll of enchant armour {unknown}
 i - a scroll of identify {unknown}
 j - a scroll of fog {unknown}
Potions
 d - a potion of ambrosia {unknown}
 e - a potion of magic {unknown}
 k - a potion of brilliance {unknown}
Comestibles
 f - 3 rations


   Skills:
 + Level 2.7 Fighting
 + Level 1.0 Short Blades
 + Level 1.0 Long Blades
 + Level 4.6 Axes
 + Level 1.0 Maces & Flails
 + Level 1.0 Polearms
 + Level 1.0 Staves
 + Level 1.0 Slings
 + Level 1.0 Bows
 + Level 1.0 Crossbows
 + Level 2.7 Throwing
 + Level 4.6 Armour
 + Level 1.0 Dodging
 + Level 1.0 Stealth
 + Level 2.7 Shields
 + Level 1.0 Unarmed Combat
 + Level 5.0 Spellcasting
 + Level 0.7 Conjurations
 + Level 0.7 Hexes
 + Level 0.7 Charms
 + Level 2.2 Summonings
 + Level 0.7 Necromancy
 + Level 0.7 Translocations
 + Level 0.7 Transmutations
 + Level 0.7 Fire Magic
 + Level 0.7 Ice Magic
 + Level 0.7 Air Magic
 + Level 0.7 Earth Magic
 + Level 0.7 Poison Magic
 + Level 1.1 Invocations
 + Level 1.0 Evocations


You had 12 spell levels left.
You knew the following spells:

 Your Spells              Type           Power        Failure   Level  Hunger
a - Foxfire               Conj/Fire      #...         34%         1    None

Your spell library contained the following spells:

 Spells                   Type           Power        Failure   Level  Hunger
 Inner Flame              Hex/Fire       #.......     71%         3    ###....


Dungeon Overview and Level Annotations

Branches:
Dungeon (2/15)

Altars:


Innate Abilities, Weirdness & Mutations

Your experience applies equally to all skills.
You have very sharp teeth.
Your uncanny sense of smell can sniff out nearby items.


Message History

You kill the ooze!
You hit the jelly. The acid corrodes you!
Your hands burn!
The jelly is moderately wounded.
The jelly hits you but does no damage.
You hit the jelly.
Your hands burn!
You bite the jelly.
The jelly is severely wounded.
The jelly hits you.
You are splashed with acid.
* * * LOW HITPOINT WARNING * * *
You hit the jelly but do no damage.
Your hands burn!
* * * LOW HITPOINT WARNING * * *
The jelly is severely wounded.
The jelly hits you but does no damage.
You hit the jelly but do no damage.
Your hands burn!
* * * LOW HITPOINT WARNING * * *
Your bite misses the jelly.
The jelly is severely wounded.
The jelly hits you.
* * * LOW HITPOINT WARNING * * *
You are splashed with acid.
You die...

...............†......#..######
.........<..#########...##
.#........#..........##..###
###...##############.......###
#..## ##.###.)..# #..# ######
### ##...# ....# ......#
##########..# ##....
.....JJ##......###..# ..#.##
#@#.......##..# ∆
#)#....÷...'..# ∆ ∆
#.#........'..# ∆
#.#'#......'...#
#.#.#.....##.#..# ∆
∆#.#.#....######..# ∆ ∆
##.####### #.# ### .. ∆ #


You could see a jelly and an ooze.

Vanquished Creatures
  2 adders (D:2)
  5 oozes (D:2)
  A leopard gecko (D:1)
  3 giant cockroaches (D:1)
  2 hobgoblins (D:1)
  7 kobolds
  A quokka (D:2)
  A bat (D:2)
  A frilled lizard (D:1)
  2 rats
25 creatures vanquished.

Vanquished Creatures (others)
  6 foxfires (D:2)
  A fungus (D:2)
  10 toadstools (D:2)
17 creatures vanquished.

Grand Total: 42 creatures vanquished

Notes
Turn   | Place    | Note
-------+----------+-------------------------------------------
     0 | D:1      | Bapho the Gnoll Wanderer began the quest for the Orb.
     0 | D:1      | Bapho set off with the following items: a +0 hand crossbow,
                  | a +2 scale mail, 24 bolts, a ration; and the following
                  | spell memorised: Foxfire; and the following spells
                  | available to memorise: Inner Flame
     0 | D:1      | Reached XP level 1. HP: 17/17 MP: 6/6
   325 | D:1      | Reached XP level 2. HP: 17/23 MP: 7/7
   872 | D:2      | Reached skill level 5 in Spellcasting
   872 | D:2      | Reached XP level 3. HP: 28/28 MP: 7/9
   984 | D:2      | Reached skill level 1 in Invocations
  1296 | D:2      | Reached skill level 1 in Short Blades
  1296 | D:2      | Reached skill level 1 in Long Blades
  1296 | D:2      | Reached skill level 1 in Maces & Flails
  1296 | D:2      | Reached skill level 1 in Polearms
  1296 | D:2      | Reached skill level 1 in Staves
  1296 | D:2      | Reached skill level 1 in Slings
  1296 | D:2      | Reached skill level 1 in Bows
  1296 | D:2      | Reached skill level 1 in Crossbows
  1296 | D:2      | Reached skill level 1 in Dodging
  1296 | D:2      | Reached skill level 1 in Stealth
  1296 | D:2      | Reached skill level 1 in Unarmed Combat
  1296 | D:2      | Reached skill level 1 in Evocations
  1308 | D:2      | Reached XP level 4. HP: 23/34 MP: 11/11
  1318 | D:2      | Splashed by a jelly's acid

Levels and vault maps discovered:
D:1:      lemuel_arrival_broad_hall, layout_loops_corners
D:2:      cheibrodos_fertilizer, layout_rooms, first_ration

Skill      XL: |  1  2  3 |
---------------+----------+-----
Summonings     | 2 |  2.2
Spellcasting   | 5 |  5.0
Invocations    | 1 |  1.1
Short Blades   | 1 |  1.0
Long Blades    | 1 |  1.0
Maces & Flails | 1 |  1.0
Polearms       | 1 |  1.0
Staves         | 1 |  1.0
Slings         | 1 |  1.0
Bows           | 1 |  1.0
Crossbows      | 1 |  1.0
Dodging        | 1 |  1.0
Stealth        | 1 |  1.0
Unarmed Combat | 1 |  1.0
Evocations     | 1 |  1.0
Fighting       | |  2.7
Axes           | |  4.6
Throwing       | |  2.7
Armour         | |  4.6
Shields        | |  2.7
Conjurations   | |  0.7
Hexes          | |  0.7
Charms         | |  0.7
Necromancy     | |  0.7
Translocations | |  0.7
Transmutations | |  0.7
Fire Magic     | |  0.7
Ice Magic      | |  0.7
Air Magic      | |  0.7
Earth Magic    | |  0.7
Poison Magic   | |  0.7

Action                   |  1- 3 |  4- 6 || total
-------------------------+-------+-------++-------
Melee: Dagger            |    21 |    10 ||    31
       Bite              |     3 |     2 ||     5
 Fire: Hand crossbow     |    62 |       ||    62
 Cast: Foxfire           |     5 |       ||     5
  Eat: Chunk             |     1 |       ||     1
Armor: Scale mail        |    36 |     5 ||    41
Dodge: Dodged            |    30 |     2 ||    32

Table legend:
 A = Non-vault XP
 B = Vault XP
 C = Vault XP percentage of total XP
 D = Non-vault monster count
 E = Vault monster count
 F = Vault count percentage of total count
                 A         B        C        D         E       F
            +---------+---------+-------+---------+---------+-------
      Total |      55 |      39 |  41.5 |      15 |      10 |  40.0
            +---------+---------+-------+---------+---------+-------
        D:1 |      17 |       0 |   0.0 |       9 |       0 |   0.0
        D:2 |      38 |      39 |  50.6 |       6 |      10 |  62.5
            +---------+---------+-------+---------+---------+-------
